[Event "Early-Titled-Tuesday-Blitz-February-06-2024"]
[Site "Chess.com"]
[Date "2024.02.06"]
[Round "9"]
[White "the_chess_child"]
[Black "PabloZarnicki"]
[Result "0-1"]
[WhiteElo "2855"]
[BlackElo "2647"]
[TimeControl "180+1"]
[EndTime "9:47:36 PST"]
[Termination "PabloZarnicki won by resignation"]

1. e4 e5 2. Nf3 Nf6 3. d3 Nc6 4. g3 d5 5. exd5 Nxd5 6. Bg2 g6 7. O-O Bg7 8. Re1 O-O 9. Nc3 Nxc3 10. bxc3 h6 11. Rb1 Rb8 12. Nd2 Bd7 13. Ne4 b6 14. c4 Re8 15. h4 Nd4 16. c3 Ne6 17.
Qc2 f5 18. Nd2 Kh7 19. Nf3 Nc5 20. d4 exd4 21. Rxe8 Bxe8 22. cxd4 Bxd4 23. Nxd4 Qxd4 24. Qe2 Bf7 25. Qe7 Qd7 26. Qf6 Nd3 27. Be3 Qe6 28.
Qd4 Qxc4 29. Qd7 Ne5 30. Qe7 Re8 31. Qa3 Ng4 32. Bf4 c5 33. Qxa7 Qxa2 34. Qxa2 Bxa2 35.
Rxb6 Re1+ 36. Bf1 Bc4 37. Rb7+ Kg8 38. Rb8+ Kf7 39. Rb7+ Ke8 40. Rb8+ Kd7 41. Rb7+ Kc6 42. Rc7+ Kb6 43. Kg2 Rxf1 44. Rg7 Rxf2+ 45. Kg1 Rc2 46. Rxg6+ Kb5 47. Bxh6 Bd5 48. Bf4 Rb2 49. Kf1 c4 50. Rg7 c3 51. h5 Kc4 52. Rd7 Bf3 53. Rc7+ Kd3 54. Rd7+ Kc4 55. Rc7+ Kb3 56. Rb7+ Ka2 57. Ra7+ Kb1 58. h6 Nxh6 59. Bxh6 c2 60. Rc7 Be4 61. Kf2 Rb3 62. Be3 Rd3 63. Rc8 Rd1 64. Rb8+ Ka2 65.
Rc8 Kb3 66. Rb8+ Ka2 67. Rc8 Ka3 68. Rc7 Rh1 69. Rc8 Rh2+ 70. Ke1 Rg2 71. Bf2 Rh2 72. Ke2 Rh1 73. Be3 Rd1 74. Rc7 Rd5 75. Ra7+ Kb2 76.
Rb7+ Kc3 77. Rc7+ Kb3 78. Rb7+ Ka4 79. Ra7+ Kb5 80. Rb7+ Kc6 81. Rb8 Rd1 82. Rc8+ Kd7 83. Rc5 Kd6 84. Rc8 Rh1 85. Rd8+ Ke6 86. Rc8 Rh2+ 87.
Ke1 Bd3 88. Bf2 Kd5 89. Kd2 Ke4 90. Re8+ Kf3 91. Kxd3 Rxf2 92. Rc8 Kxg3 93. Ke3 f4+ 94. Kd3 Kf3 95. Rc7 Re2 96. Rc8 Re7 97. Rxc2 Kg3 98. Rc8 f3 99. Rf8 f2 100. Kd2 Kg2 101. Rg8+ Kf1 102. Kd1 Rd7+ 103. Kc2 Rd4 104. Rg7 Ke2 105. Re7+ Kf3 106.
Kc3 Rf4 0-1

[Event "Early-Titled-Tuesday-Blitz-February-06-2024"]
[Site "Chess.com"]
[Date "2024.02.06"]
[Round "9"]
[White "ViralduS"]
[Black "kleopl"]
[Result "1/2-1/2"]
[WhiteElo "2721"]
[BlackElo "2546"]
[TimeControl "180+1"]
[EndTime "9:47:50 PST"]
[Termination "Game drawn by repetition"]

1. c4 Nf6 2. g3 c6 3. Bg2 d5 4. Nf3 g6 5. b3 Bg7 6. Bb2 O-O 7. O-O Nbd7 8. d4 Ne4 9. Nbd2 Ndf6 10. Ne5 Bf5 11. Ndf3 h5 12. Rc1 Qa5 13. a3 Rfd8 14. b4 Qa6 15. Qb3 Ng4 16. Nxg4 hxg4 17. Nh4 Nd2 18.
Qc3 Nxf1 19. Nxf5 gxf5 20. Bxf1 Qxc4 21. Qd2 Qb3 22. e3 a5 23. Rc3 Qa2 24. b5 cxb5 25. Bxb5 Rac8 26. a4 e6 27. Qc1 Rxc3 28. Qxc3 Bf6 29.
Kg2 Kg7 30. Bc1 Qb1 31. Bd3 Qb6 32. Bb5 Ra8 33. h3 gxh3+ 34. Kxh3 Rh8+ 35. Kg2 Qd8 36. Bd2 b6 37. Qc6 Be7 38. Qc2 Bb4 39. Bxb4 axb4 40.
Qb1 Qd6 41. Qd1 Rc8 42. Qh5 b3 43. Qg5+ Kf8 44. Qh4 b2 45. Qh8+ Ke7 46. Qh4+ f6 47. Qh7+ Kd8 48. Ba6 b1=Q 49. Qg8+ Ke7 50. Bxc8 Qd8 51.
Qxe6+ Kf8 52. Bd7 Qe4+ 53. Qxe4 fxe4 54. Bb5 Qd6 55. Kf1 Qa3 56. Kg2 Ke7 57. Bc6 Kd6 58. Bb5 Qb4 59. Be8 Qe1 60. Bb5 Qd1 61. Be8 Qf3+ 62.
Kg1 Qg4 63. Bb5 Qg7 64. Kg2 Qh7 65. Be8 Qa7 66. Bb5 Qa5 67. Be8 Qd2 68. Bb5 f5 69. Be8 Ke7 70. Bb5 Kf6 71. Bd7 Qa2 72. Bb5 Kg5 73. Bd7 Qb2 74. Bb5 Kf6 75. Bd7 Qe2 76. Bb5 Qf3+ 77. Kg1 Kg5 78. Bd7 Kg4 79. Bb5 Qd1+ 80.
Kg2 Qf3+ 81. Kg1 f4 82. gxf4 Kh3 83. Bf1+ Kg4 84. Bb5 Qd1+ 85. Kg2 Qb1 86. Bd7+ Kh5 87. Be8+ Kh4 88. Bd7 Qd1 89. Bb5 Qf3+ 90. Kg1 Qg4+ 91.
Kf1 Qh3+ 92. Ke2 Qg2 93. Bd7 Qg1 94. f5 Kg5 95. Bb5 Qg4+ 96. Kf1 Qxf5 97. Bc6 Qe6 98. Bb5 Kg4 99. Kg2 Kh4 100. Kf1 Qh3+ 101. Ke2 Qf3+ 102. Kf1 Qd1+ 103. Kg2 Qb1 104. Bd7 Qa2 105. Bb5 Kg5 106. Bd7 Qb2 107. Bb5 Qe2 108. Bd7 Qf3+ 109. Kg1 Kh4 110. Bb5 Qd1+ 111. Kg2 Qg4+ 112. Kh2 Qg5 113. Bc6 Qg6 114. Bb5 Qd6+ 115. Kg2 Qg6+ 116. Kh2 Kg4 117. Kg2 Kf5+ 118. Kf1 Kg5 119. Kg2 Kh4+ 120. Kh2 1/2-1/2

[Event "Early-Titled-Tuesday-Blitz-February-06-2024"]
[Site "Chess.com"]
[Date "2024.02.06"]
[Round "10"]
[White "BardArtem"]
[Black "amanjazu"]
[Result "1-0"]
[WhiteElo "2772"]
[BlackElo "2485"]
[TimeControl "180+1"]
[EndTime "9:50:33 PST"]
[Termination "BardArtem won by checkmate"]

1. e4 Nf6 2. e5 Nd5 3. Bc4 Nb6 4. Bb3 d6 5. d4 dxe5 6. Qh5 e6 7. dxe5 Nc6 8. Nf3 g6 9. Qg4 Bg7 10. Bg5 Qd7 11. Nc3 Nxe5 12. Nxe5 Bxe5 13. Rd1 Qc6 14. Rd8# 1-0

[Event "Early-Titled-Tuesday-Blitz-February-06-2024"]
[Site "Chess.com"]
[Date "2024.02.06"]
[Round "10"]
[White "mortngabriel"]
[Black "only_strong_moves"]
[Result "0-1"]
[WhiteElo "2512"]
[BlackElo "2666"]
[TimeControl "180+1"]
[EndTime "9:50:33 PST"]
[Termination "only_strong_moves won by resignation"]

1. e4 e5 2. f4 Nc6 3. Nf3 exf4 4. Nc3 g5 5. g3 fxg3 6. hxg3 Bd6 7. Rg1 g4 8. Nh4 Bxg3+ 9. Rxg3 Qxh4 10. Qxg4 Qxg4 11. Rg2 Qh4+ 0-1

[Event "Early-Titled-Tuesday-Blitz-February-06-2024"]
[Site "Chess.com"]
[Date "2024.02.06"]
[Round "10"]
[White "ri4mi"]
[Black "PedroGil25"]
[Result "1-0"]
[WhiteElo "2560"]
[BlackElo "2415"]
[TimeControl "180+1"]
[EndTime "9:50:39 PST"]
[Termination "ri4mi won by resignation"]

1. e4 c5 2. Nc3 e6 3. Nf3 a6 4. d4 cxd4 5. Nxd4 Qc7 6. g3 Bb4 7. Bg2 Bxc3+ 8. bxc3 Qxc3+ 9. Ke2 Qxa1 10. Qd3 Qxa2 11.
Ba3 Ne7 12. Qc3 Nbc6 13. Nxc6 Nxc6 14. Ra1 Qxa1 15. Qxa1 b5 16. Qxg7 1-0

[Event "Early-Titled-Tuesday-Blitz-February-06-2024"]
[Site "Chess.com"]
[Date "2024.02.06"]
[Round "10"]
[White "CADMartin"]
[Black "CristianS27"]
[Result "0-1"]
[WhiteElo "2462"]
[BlackElo "2575"]
[TimeControl "180+1"]
[EndTime "9:51:04 PST"]
[Termination "CristianS27 won by resignation"]

1. e4 e5 2. Nf3 Nc6 3. d4 exd4 4.
Nxd4 Nf6 5. Nxc6 bxc6 6. e5 Qe7 7. Qe2 Nd5 8. h4 a5 9. c4 Ba6 10. Bg5 Qb4+ 11. Nd2 h6 12. Be3 Qxb2 13. Rb1 Qxa2 14. Bd4 Bb4 15. Qd1 Bxd2+ 16. Qxd2 Qxb1+ 0-1

[Event "Early-Titled-Tuesday-Blitz-February-06-2024"]
[Site "Chess.com"]
[Date "2024.02.06"]
[Round "10"]
[White "Jospem"]
[Black "Sattarov_Bobur"]
[Result "1-0"]
[WhiteElo "3049"]
[BlackElo "2798"]
[TimeControl "180+1"]
[EndTime "9:51:05 PST"]
[Termination "Jospem won by resignation"]

1. e4 e5 2. Nf3 Nc6 3. Nc3 Nf6 4. h3 Bb4 5. a3 Bxc3 6. dxc3 d6 7. Bd3 O-O 8. Bg5 h6 9. Bh4 g5 10. Nxg5 hxg5 11.
Bxg5 Kg7 12. Qd2 Rh8 13. O-O-O Rh5 14. h4 Ne7 15. Be2 Qh8 16. Bxh5 Qxh5 17. f3 Be6 18. g4 Qh7 19. Bxf6+ 1-0

[Event "Early-Titled-Tuesday-Blitz-February-06-2024"]
[Site "Chess.com"]
[Date "2024.02.06"]
[Round "10"]
[White "Makswolf200817"]
[Black "jefferyx"]
[Result "1-0"]
[WhiteElo "2736"]
[BlackElo "2978"]
[TimeControl "180+1"]
[EndTime "9:51:10 PST"]
[Termination "Makswolf200817 won by resignation"]

1. d4 Nf6 2. c4 c5 3. Nf3 cxd4 4. Nxd4 e6 5. g3 a6 6. Bg2 Qc7 7. O-O h5 8. b3 h4 9. Nd2 Qe5 10. N2f3 Qh5 11. Nxh4 Be7 12. Nhf3 Nc6 13. Nxc6 dxc6 14.
h4 e5 15. Bg5 Bg4 16. Re1 Ne4 17. Bxe7 Kxe7 18. Qd3 Qf5 19. Qe3 Kf6 20. Nh2 Nd6 21. f3 1-0

[Event "Early-Titled-Tuesday-Blitz-February-06-2024"]
[Site "Chess.com"]
[Date "2024.02.06"]
[Round "10"]
[White "Abund"]
[Black "cukricek"]
[Result "1-0"]
[WhiteElo "2751"]
[BlackElo "2379"]
[TimeControl "180+1"]
[EndTime "9:51:12 PST"]
[Termination "Abund won by resignation"]

1. e4 c5 2. Nf3 g6 3. c3 d5 4. exd5 Qxd5 5. d4 Bg7 6. Nbd2 cxd4 7. Bc4 Qd6 8. Nxd4 Nf6 9. O-O O-O 10. N2f3 Rd8 11.
Qe2 Bg4 12. Bxf7+ Kxf7 13. Ne5+ Kg8 14. Nxg4 Nc6 15. Ne6 Rd7 16. Bf4 Qd5 17. Rad1 1-0

[Event "Early-Titled-Tuesday-Blitz-February-06-2024"]
[Site "Chess.com"]
[Date "2024.02.06"]
[Round "10"]
[White "Leebit02"]
[Black "ilushka"]
[Result "1-0"]
[WhiteElo "2562"]
[BlackElo "2432"]
[TimeControl "180+1"]
[EndTime "9:51:19 PST"]
[Termination "Leebit02 won by resignation"]

1. d4 e6 2. c4 b6 3. Nf3 Bb7 4. g3 Bb4+ 5. Bd2 Bxf3 6. exf3 Bxd2+ 7. Qxd2 d5 8. Nc3 Ne7 9. h4 Nbc6 10. O-O-O O-O 11.
g4 Qd7 12. h5 Rfd8 13. h6 dxc4 14. Qg5 Ng6 15. hxg7 f5 16. gxf5 exf5 17. Bxc4+ Kxg7 18. Qh6+ Kf6 19. Nd5+ Ke6 1-0

[Event "Early-Titled-Tuesday-Blitz-February-06-2024"]
[Site "Chess.com"]
[Date "2024.02.06"]
[Round "10"]
[White "Maxfan2008"]
[Black "FormerProdigy"]
[Result "0-1"]
[WhiteElo "2562"]
[BlackElo "2986"]
[TimeControl "180+1"]
[EndTime "9:52:00 PST"]
[Termination "FormerProdigy won by checkmate"]

1. d4 d5 2. c4 c6 3. Nc3 Nf6 4. e3 e6 5. Nf3 Nbd7 6. Bd3 dxc4 7. Bxc4 b5 8. Bd3 Bd6 9. e4 e5 10. O-O O-O 11. Bg5 Bb7 12. Kh1 a6 13. dxe5 Nxe5 14.
Nxe5 Bxe5 15. f4 Bxc3 16. bxc3 c5 17. Qe2 c4 18. Bc2 Qb6 19. e5 Nd5 20. Qh5 g6 21.
Qh6 Ne3 22. Rg1 Ng4 23. h3 Nxh6 24. Bxh6 Qe3 25. Rae1 Qxh3# 0-1

[Event "Early-Titled-Tuesday-Blitz-February-06-2024"]
[Site "Chess.com"]
[Date "2024.02.06"]
[Round "10"]
[White "secretsuperstar7"]
[Black "ActorXu"]
[Result "0-1"]
[WhiteElo "2524"]
[BlackElo "2834"]
[TimeControl "180+1"]
[EndTime "9:52:07 PST"]
[Termination "ActorXu won by resignation"]

1. c4 e5 2. Nc3 f5 3. g3 Nf6 4.
Bg2 g6 5. Nf3 d6 6. d3 Bg7 7.
O-O O-O 8. Rb1 h6 9. b4 g5 10. a4 f4 11. c5 Nc6 12. b5 Ne7 13.
cxd6 cxd6 14. Ba3 Be6 15. Nd2 Qd7 16. Nde4 Nxe4 17. Nxe4 Nf5 18. g4 Nh4 19. h3 Bxg4 20. hxg4 Qxg4 21. Ng3 fxg3 22. Qb3+ Kh8 23. fxg3 Qxg3 24.
Qd5 Rf3 25. Qxf3 Nxf3+ 26. Rxf3 Qg4 27. Bxd6 Qd4+ 0-1

[Event "Early-Titled-Tuesday-Blitz-February-06-2024"]
[Site "Chess.com"]
[Date "2024.02.06"]
[Round "10"]
[White "GothamChess"]
[Black "toninhojit"]
[Result "1-0"]
[WhiteElo "2704"]
[BlackElo "2535"]
[TimeControl "180+1"]
[EndTime "9:52:13 PST"]
[Termination "GothamChess won by resignation"]

1. e4 e5 2. Nf3 Nc6 3. c3 d6 4. d4 Be7 5. h3 Nf6 6. Be3 O-O 7. Bd3 Re8 8. d5 Nb8 9. O-O c6 10. c4 a5 11. Nc3 Na6 12. a3 Nd7 13. b4 Rb8 14.
Rb1 axb4 15. axb4 c5 16. b5 Nb4 17. Ra1 Nxd3 18. Qxd3 Nb6 19. Nd2 Qc7 20. f4 Bf6 21.
f5 Qe7 22. g4 Bg5 23. Bxg5 Qxg5 24. Nf3 Qf4 25. Ne2 Qh6 26. Kg2 Bd7 27. g5 Qh5 28. Ng3 1-0

[Event "Early-Titled-Tuesday-Blitz-February-06-2024"]
[Site "Chess.com"]
[Date "2024.02.06"]
[Round "10"]
[White "PabloZarnicki"]
[Black "RobertoJBM"]
[Result "0-1"]
[WhiteElo "2642"]
[BlackElo "2814"]
[TimeControl "180+1"]
[EndTime "9:52:16 PST"]
[Termination "RobertoJBM won by resignation"]

1. e4 c6 2. d4 d5 3. Nc3 dxe4 4. Nxe4 Nd7 5. Ng5 Ngf6 6. Bd3 e6 7. N1f3 Bd6 8. Qe2 h6 9. Ne4 Nxe4 10. Qxe4 Qc7 11.
Qg4 g5 12. Qe4 b6 13. Bd2 Bb7 14. O-O-O O-O-O 15. Rhe1 c5 16. Qe2 Kb8 17. Ne5 Nf6 18.
dxc5 Bxc5 19. f3 Nd5 20. Kb1 Bd6 21. g3 Rc8 22. c4 Nb4 23. Bxb4 Bxb4 24. f4 Bxe1 25.
Rxe1 gxf4 26. gxf4 Rcd8 27. Be4 Rd4 28. Qf3 Rxe4 29.
Rxe4 f5 0-1

[Event "Early-Titled-Tuesday-Blitz-February-06-2024"]
[Site "Chess.com"]
[Date "2024.02.06"]
[Round "10"]
[White "agvania123"]
[Black "Chessdreamer2020"]
[Result "0-1"]
[WhiteElo "2342"]
[BlackElo "2545"]
[TimeControl "180+1"]
[EndTime "9:52:19 PST"]
[Termination "Chessdreamer2020 won by resignation"]

1. c4 d6 2. d4 e5 3. dxe5 dxe5 4. Qxd8+ Kxd8 5. Nf3 f6 6. Nc3 c6 7. b3 Be6 8. Bb2 Nd7 9. O-O-O Kc7 10. e3 Nh6 11. Be2 Bc5 12. h3 Rad8 13. Ne4 Be7 14. Rd2 Nc5 15.
Nxc5 Bxc5 16. Rhd1 Rxd2 17. Rxd2 Nf5 18. Kc2 Nd6 19. Rd1 Bf5+ 20. Kc1 Ne4 21. Rf1 Nxf2 22. Nd4 Nd3+ 23. Kb1 Bxd4 24. exd4 Nf4+ 25. Ka1 Nxe2 26. Rxf5 Nxd4 27. g4 Nxf5 0-1

[Event "Early-Titled-Tuesday-Blitz-February-06-2024"]
[Site "Chess.com"]
[Date "2024.02.06"]
[Round "10"]
[White "MasterKroket"]
[Black "Caroexpert"]
[Result "0-1"]
[WhiteElo "2484"]
[BlackElo "2578"]
[TimeControl "180+1"]
[EndTime "9:52:20 PST"]
[Termination "Caroexpert won by resignation"]

1. e4 c6 2. d4 d5 3. e5 f6 4. Bd3 Nh6 5. Bxh6 gxh6 6. Qh5+ Kd7 7. Nc3 Kc7 8. O-O-O Rg8 9. Qh4 fxe5 10. dxe5 Rg4 11. Qh3 Bg7 12. Nf3 Be6 13. Nd4 Rxd4 14. Qxe6 Nd7 15.
Rhe1 Qf8 16. Bf5 Nc5 17. Rxd4 Nxe6 18. Bxe6 Qxf2 19. Red1 Bxe5 0-1

[Event "Early-Titled-Tuesday-Blitz-February-06-2024"]
[Site "Chess.com"]
[Date "2024.02.06"]
[Round "10"]
[White "ChessQueen"]
[Black "korkmaz16"]
[Result "1-0"]
[WhiteElo "2684"]
[BlackElo "2512"]
[TimeControl "180+1"]
[EndTime "9:52:25 PST"]
[Termination "ChessQueen won by resignation"]

1. Nf3 d5 2. g3 g6 3. Bg2 Bg7 4. O-O e5 5. d4 exd4 6. Nxd4 Ne7 7. a4 O-O 8. Nb3 Nbc6 9. Nc3 Be6 10. Nc5 Bc8 11.
Bg5 b6 12. Nxd5 f6 13. Nxe7+ Qxe7 14. Bxc6 Qxc5 15. Bxa8 Qxg5 16. Qd5+ Qxd5 17. Bxd5+ Kh8 18. c3 f5 19. Rfd1 Ba6 20. Rd2 Bh6 21. e3 c5 22. Rad1 Bg5 23. h4 Bf6 24. Bc6 Bc4 25.
Bd5 Ba6 26. Kg2 Kg7 27. Bf3 Kh6 28. Rd7 Bc4 29. Rxa7 1-0

[Event "Early-Titled-Tuesday-Blitz-February-06-2024"]
[Site "Chess.com"]
[Date "2024.02.06"]
[Round "10"]
[White "BillieKimbah"]
[Black "jcibarra"]
[Result "1-0"]
[WhiteElo "2961"]
[BlackElo "2890"]
[TimeControl "180+1"]
[EndTime "9:52:34 PST"]
[Termination "BillieKimbah won by resignation"]

1. d4 Nf6 2. Nf3 g6 3. c4 d6 4. Nc3 Bf5 5. Qb3 b6 6. h3 Bg7 7. g4 Bd7 8. e4 Nc6 9. Be3 O-O 10.
Qd1 Na5 11. Be2 c5 12. d5 a6 13. g5 Nh5 14. Nd2 b5 15. Bxh5 gxh5 16. Qxh5 Nxc4 17. Nxc4 bxc4 18. Bd2 Rb8 19. Rb1 Qa5 20. O-O Rb7 21.
f4 Rfb8 22. f5 Rxb2 23. f6 Rxb1 24. Nxb1 Qxa2 25. fxg7 Be8 26. g6 1-0

[Event "Early-Titled-Tuesday-Blitz-February-06-2024"]
[Site "Chess.com"]
[Date "2024.02.06"]
[Round "10"]
[White "BeautiFullMindChess"]
[Black "SharapovEvgeny"]
[Result "0-1"]
[WhiteElo "2305"]
[BlackElo "2535"]
[TimeControl "180+1"]
[EndTime "9:52:38 PST"]
[Termination "SharapovEvgeny won on time"]

1. e4 c5 2. c3 Nf6 3. e5 Nd5 4. d4 cxd4 5. cxd4 Nc6 6. Nf3 d6 7. Bc4 Nb6 8. Bb3 d5 9. Nh4 g6 10. Nc3 Bg7 11. h3 O-O 12. O-O f6 13. exf6 exf6 14.
Nf3 Be6 15. Re1 Bf7 16. Bf4 Qd7 17. Nb5 Nc4 18. Bxc4 dxc4 19. Nc7 Rac8 20. d5 Ne5 21. Ne6 Bxe6 0-1

[Event "Early-Titled-Tuesday-Blitz-February-06-2024"]
[Site "Chess.com"]
[Date "2024.02.06"]
[Round "10"]
[White "Bauman_Guy"]
[Black "Thunderbolt135"]
[Result "1-0"]
[WhiteElo "2871"]
[BlackElo "2696"]
[TimeControl "180+1"]
[EndTime "9:52:45 PST"]
[Termination "Bauman_Guy won by resignation"]

1. e4 c5 2. Nf3 e6 3. d4 cxd4 4. Nxd4 Nf6 5. Nc3 Bb4 6. e5 Nd5 7. Qg4 O-O 8. Bd2 Nxc3 9. bxc3 Be7 10. Bh6 g6 11. Bd3 Qc7 12. O-O Qxe5 13. Rfe1 Qf6 14. Nf3 Nc6 15. h4 d5 16. Bxf8 Bxf8 17. Qg3 Bh6 18.
Ng5 e5 19. c4 d4 20. Rab1 Bf8 21. Be4 Bd6 22. Bd5 e4 23. Nxe4 1-0

[Event "Early-Titled-Tuesday-Blitz-February-06-2024"]
[Site "Chess.com"]
[Date "2024.02.06"]
[Round "10"]
[White "AldokhinIvan"]
[Black "SergioMoralesG"]
[Result "1-0"]
[WhiteElo "2627"]
[BlackElo "2462"]
[TimeControl "180+1"]
[EndTime "9:52:46 PST"]
[Termination "AldokhinIvan won by checkmate"]

1. e4 c5 2. Nf3 e6 3. b4 cxb4 4. d4 d5 5. e5 Nc6 6. a3 bxa3 7. c3 Be7 8. Nxa3 Nh6 9. Bxh6 gxh6 10. Bd3 Bd7 11. Nc2 Qc7 12. Qd2 h5 13. O-O O-O-O 14. Rfb1 Rdg8 15. Ne3 Rg7 16. c4 dxc4 17. Bxc4 Rhg8 18.
Bf1 h4 19. d5 exd5 20. Nxd5 Qd8 21. Qb2 Be6 22. Qxb7# 1-0

[Event "Early-Titled-Tuesday-Blitz-February-06-2024"]
[Site "Chess.com"]
[Date "2024.02.06"]
[Round "10"]
[White "yosephtaher"]
[Black "FGHSMN"]
[Result "1-0"]
[WhiteElo "2902"]
[BlackElo "2942"]
[TimeControl "180+1"]
[EndTime "9:52:48 PST"]
[Termination "yosephtaher won by resignation"]

1. e4 e5 2. Nc3 Nc6 3. f4 exf4 4. Nf3 Bb4 5. d4 Nf6 6. Bd3 d5 7. e5 Ne4 8. Bd2 Bxc3 9. bxc3 Bg4 10. O-O O-O 11. Bxf4 Nxc3 12. Qe1 Bxf3 13. gxf3 Na4 14. Kh1 Kh8 15. Rg1 Nb6 16. Bg5 f6 17. Qh4 g6 18.
Bxg6 Qe7 19. Bxf6+ Rxf6 20. exf6 Qd7 21. Bd3 1-0

[Event "Early-Titled-Tuesday-Blitz-February-06-2024"]
[Site "Chess.com"]
[Date "2024.02.06"]
[Round "10"]
[White "Ruchess27"]
[Black "SpongeBob_03"]
[Result "1-0"]
[WhiteElo "2457"]
[BlackElo "2224"]
[TimeControl "180+1"]
[EndTime "9:52:48 PST"]
[Termination "Ruchess27 won by resignation"]

1. d4 Nf6 2. c4 e6 3. Nf3 Bb4+ 4. Bd2 Qe7 5. g3 a5 6. Bg2 O-O 7. O-O Bxd2 8. Qxd2 d6 9. Nc3 e5 10. e3 Nbd7 11.
Rac1 Rd8 12. h3 Nb6 13. b3 a4 14. Rfd1 axb3 15. dxe5 Ne8 16. axb3 Be6 17. exd6 Nxd6 18. Qb2 Qf6 19. c5 Nb5 20. cxb6 Nxc3 21. Rxd8+ Rxd8 22. Qxc3 cxb6 23. Qxf6 1-0

[Event "Early-Titled-Tuesday-Blitz-February-06-2024"]
[Site "Chess.com"]
[Date "2024.02.06"]
[Round "10"]
[White "Dinosaurio_1975"]
[Black "maciek_92"]
[Result "0-1"]
[WhiteElo "2591"]
[BlackElo "2788"]
[TimeControl "180+1"]
[EndTime "9:52:49 PST"]
[Termination "maciek_92 won on time"]

1. c4 e5 2. Nc3 Nc6 3. Nf3 f5 4. g3 Nf6 5. Bg2 Be7 6. d3 O-O 7. O-O d6 8. Bd2 Qe8 9. Qc1 Kh8 10. Rb1 a5 11. a3 Qh5 12. b4 axb4 13. axb4 e4 14.
dxe4 fxe4 15. Ng5 Nd4 16. Ngxe4 Ng4 17. h3 Ne5 18. Be3 Bxh3 19. Bxd4 Ng4 20. Ng5 Bxg2 0-1

[Event "Early-Titled-Tuesday-Blitz-February-06-2024"]
[Site "Chess.com"]
[Date "2024.02.06"]
[Round "10"]
[White "xamax2000"]
[Black "Salem-AR"]
[Result "1-0"]
[WhiteElo "2881"]
[BlackElo "2935"]
[TimeControl "180+1"]
[EndTime "9:52:50 PST"]
[Termination "xamax2000 won by resignation"]

1. Nf3 d6 2. d4 g6 3. e4 Nf6 4. Bd3 Bg7 5. O-O O-O 6. h3 b6 7.
Re1 Bb7 8. a4 a6 9. c3 e6 10.
Bf4 Nbd7 11. Bh2 Qe7 12. Nbd2 e5 13. b4 Nh5 14. b5 axb5 15. axb5 Nf4 16. Bxf4 exf4 17.
Qb3 Rfc8 18. Bc4 h6 19. Bd5 Bxd5 20. Qxd5 Rxa1 21. Rxa1 Nf8 22. Qb7 Qe8 23. Ra7 Ne6 24. Qd5 Nf8 25. Ne1 c6 26. bxc6 Qxc6 27. Qxf7+ 1-0

[Event "Early-Titled-Tuesday-Blitz-February-06-2024"]
[Site "Chess.com"]
[Date "2024.02.06"]
[Round "10"]
[White "DarZay"]
[Black "Talent-OF-Slovenia"]
[Result "1-0"]
[WhiteElo "2300"]
[BlackElo "2445"]
[TimeControl "180+1"]
[EndTime "9:53:03 PST"]
[Termination "DarZay won by resignation"]

1. e4 e6 2. d4 d5 3. Bd3 dxe4 4. Bxe4 Nf6 5. Bf3 Be7 6. Ne2 O-O 7. O-O h6 8. Bf4 Bd7 9. Bxb7 Bc6 10. Bxa8 Bxa8 11. c4 Nbd7 12. Nbc3 c5 13. d5 exd5 14.
cxd5 Nh5 15. Be3 Bd6 16. Ng3 Nxg3 17. hxg3 Nf6 18. Qf3 Re8 19. Rad1 Qb8 20. b3 a6 21. Bxh6 Nd7 22. Bf4 Ne5 23. Bxe5 Bxe5 24. Ne4 Bd4 25.
Ng5 Qc7 26. Qh5 g6 27. Qh7+ Kf8 28. Rxd4 cxd4 29. Qh8+ Ke7 30. Re1+ 1-0

[Event "Early-Titled-Tuesday-Blitz-February-06-2024"]
[Site "Chess.com"]
[Date "2024.02.06"]
[Round "10"]
[White "Som2310"]
[Black "RandomNoob04"]
[Result "0-1"]
[WhiteElo "2792"]
[BlackElo "2617"]
[TimeControl "180+1"]
[EndTime "9:53:04 PST"]
[Termination "RandomNoob04 won by resignation"]

1. e4 e5 2. Nf3 Nf6 3. d4 Nxe4 4.
Bd3 d5 5. Nxe5 Nd7 6. Nc3 Nxe5 7. dxe5 Nxc3 8. bxc3 Be6 9. O-O Bc5 10. Qh5 Qd7 11. Rb1 O-O-O 12. Bg5 Rdg8 13. a4 h6 14. Be3 Bxe3 15. fxe3 Qc6 16. Rf4 Qxc3 17. Rfb4 b6 18. a5 g6 19. Qe2 Qxe5 20. Ba6+ Kd8 21. axb6 axb6 22. c4 d4 23. Rd1 Ke7 24. Rxd4 c5 25.
Rb5 Ra8 26. Bb7 Ra1+ 27. Rd1 Bxc4 0-1

[Event "Early-Titled-Tuesday-Blitz-February-06-2024"]
[Site "Chess.com"]
[Date "2024.02.06"]
[Round "10"]
[White "Hilary46"]
[Black "SmirnovTimofey2000"]
[Result "1-0"]
[WhiteElo "2690"]
[BlackElo "1968"]
[TimeControl "180+1"]
[EndTime "9:53:08 PST"]
[Termination "Hilary46 won by resignation"]

1. e4 e5 2. Nf3 Nf6 3. Nxe5 d6 4. Nf3 Nxe4 5. Nc3 Nxc3 6. dxc3 Be7 7. Be3 Nd7 8. Qd2 Ne5 9. Nxe5 dxe5 10. Qxd8+ Bxd8 11. Bc4 h6 12. O-O-O Bg5 13. Rhe1 Bxe3+ 14. Rxe3 f6 15.
f4 Bg4 16. Rde1 O-O-O 17. fxe5 fxe5 18. Rxe5 Rd7 19. Re8+ Rd8 20. Rxh8 Rxh8 21. Be6+ Bxe6 22. Rxe6 Kd8 23. Rg6 Rg8 24. Kd2 Ke7 25. c4 Kf7 26. Rg3 Rd8+ 27. Rd3 Re8 28. Rd7+ Re7 29. Rxe7+ Kxe7 30. Ke3 Ke6 31. Ke4 c6 32. c5 Kf6 33. b4 a6 34. g4 g6 35. h4 Ke6 36. g5 h5 37. c3 Ke7 38. Ke5 Kf7 39. Kd6 Ke8 40. Ke6 1-0

[Event "Early-Titled-Tuesday-Blitz-February-06-2024"]
[Site "Chess.com"]
[Date "2024.02.06"]
[Round "10"]
[White "mjray79"]
[Black "Predo63"]
[Result "1-0"]
[WhiteElo "2708"]
[BlackElo "2517"]
[TimeControl "180+1"]
[EndTime "9:53:09 PST"]
[Termination "mjray79 won by resignation"]

1. Nf3 d5 2. d4 Nf6 3. c4 c6 4. e3 Bf5 5. Nc3 e6 6. Nh4 Bg6 7. Nxg6 hxg6 8. Bd3 Nbd7 9. O-O Bd6 10. h3 Rc8 11. Qe2 Bb8 12. e4 dxe4 13. Nxe4 Nxe4 14. Bxe4 Nf6 15. Rd1 Qd6 16. f4 Nxe4 17. Qxe4 O-O 18. Be3 Qd8 19. Rd2 Qf6 20. Rad1 Rcd8 21.
g4 Rfe8 22. Kg2 a6 23. Rh1 Ba7 24. b4 Rd7 25. h4 Red8 26. c5 Bb8 27. h5 Rd5 28.
hxg6 Qxg6 29. Qxg6 fxg6 30. Rf1 Kf7 31. Bg1 Rh8 32.
Re2 Bc7 33. Re4 Bd8 34. Rfe1 Re8 35. Re5 Bf6 36. R5e4 Rdd8 37. g5 Be7 38. Rxe6 Bf8 39. f5 gxf5 40. g6+ Kg8 41. Rxe8 1-0

[Event "Early-Titled-Tuesday-Blitz-February-06-2024"]
[Site "Chess.com"]
[Date "2024.02.06"]
[Round "10"]
[White "Nouali_Mohamed"]
[Black "VitaliyChayka"]
[Result "1-0"]
[WhiteElo "2557"]
[BlackElo "2410"]
[TimeControl "180+1"]
[EndTime "9:53:10 PST"]
[Termination "Nouali_Mohamed won by resignation"]

1. e4 d6 2. d4 Nf6 3. Nc3 e5 4. dxe5 dxe5 5. Qxd8+ Kxd8 6. f4 Bb4 7. fxe5 Nxe4 8.
Ne2 Re8 9. Bf4 Nxc3 10. Nxc3 Be6 11. O-O-O+ Nd7 12. Nd5 Ba5 13. Bc4 Kc8 14. c3 h6 15.
Rhe1 c6 16. Ne3 Bc7 17. Bxe6 Rxe6 18. Nc4 b5 19. Nd6+ Bxd6 20. exd6 Kb7 21. Rxe6 fxe6 22.
Re1 Re8 23. Bg3 c5 24. Rf1 Rf8 25. Rxf8 Nxf8 26. Be5 Ng6 27. d7 1-0